 Dungeon Crawl Stone Soup version 0.16-a0-3602-g9bd3662 (webtiles) character file.

190923 Gorice the Shatterer (level 18, -3/174 HPs)
             Began as an Ogre Berserker on Jan 10, 2015.
             Was the Champion of Trog.
             Slain by a merfolk
             ... wielding a +0 trident
              (16 damage)
             ... on level 4 of the Shoals on Jan 12, 2015.
             The game lasted 06:48:46 (46891 turns).

Gorice the Shatterer (Ogre Berserker)              Turns: 46891, Time: 06:48:47

Health: -3/174     AC: 12    Str: 27    XL:     18   Next: 63%
Magic:  9/9        EV: 21    Int:  9    God:    Trog [******]
Gold:   3182       SH:  0    Dex: 18    Spells: 0 memorised, 17 levels left

rFire  . . .     SeeInvis .     a - +7 giant spiked club (antimagic)
rCold  . . .     Clarity  .     J - +0 troll leather armour
rNeg   . . .     SustAb   .     (shield restricted)
rPois  .         Gourm    .     G - +1 hat {Int+3}
rElec  .         Spirit   .     n - +2 cloak {MR+}
rCorr  .         Warding  .     (gloves unavailable)
rMut   +         Stasis   .     (boots unavailable)
MR     ++...                    V - amulet of resist mutation
Stlth  +++.......               B - ring of flight
                                I - +3 ring of dexterity

@: lethally poisoned, very resistant to hostile enchantments, fairly stealthy
A: unfitting armour, camouflage 1, tough skin 1
a: Burn Spellbooks, Berserk, Trog's Hand, Brothers in Arms, Renounce Religion,
Evoke Flight


You were on level 4 of the Shoals.
You worshipped Trog.
Trog was exalted by your worship.
You were not hungry.

You visited 6 branches of the dungeon, and saw 36 of its levels.
You also visited: Sewer, Ice Cave and Volcano.

You collected 3890 gold pieces.
You spent 708 gold pieces at shops.

Inventory:

Hand weapons
 a - a +7 antimagic giant spiked club (weapon)
   (Trog gifted it to you on level 7 of the Lair of Beasts)
 b - a +6 blowgun
 p - a +1 morningstar of protection
   (Trog gifted it to you on level 2 of the Lair of Beasts)
Missiles
 v - 16 curare-tipped needles
 X - 89 large rocks (quivered)
 Y - 6 throwing nets
Armour
 n - a +2 cloak of magic resistance (worn)
   (You acquired it on level 6 of the Dungeon)
 G - a +1 hat of intelligence (worn)
   (You bought it in a shop on level 4 of the Orcish Mines)
 J - a +0 troll leather armour (worn)
Jewellery
 k - the ring "Unki" {rPois rC- Dex+4}
   (You bought it in a shop on level 4 of the Orcish Mines)

   [ring of dexterity]

   It affects your dexterity (+4).
   It makes you vulnerable to cold.
   It protects you from poison.
 u - an uncursed ring of protection from cold
 B - a ring of flight (right hand)
 F - an uncursed ring of positive energy
 I - a +3 ring of dexterity (left hand)
 M - an uncursed ring of protection from magic
 V - an amulet of resist mutation (around neck)
Magical devices
 d - a wand of disintegration (9)
 e - a wand of polymorph (12)
 g - a wand of digging (10)
 i - a wand of fireball (4)
 o - a wand of enslavement (12)
 q - a wand of draining (4)
 t - a wand of hasting (7)
 A - a wand of cold (9)
 P - a wand of fire (4)
Scrolls
 f - 8 scrolls of remove curse
 l - 11 scrolls of teleportation
 r - a scroll of noise
 x - 2 scrolls of fog
 z - 4 scrolls of fear
 Q - 5 scrolls of identify
Potions
 j - 2 potions of agility
 m - 3 potions of haste
 w - 8 potions of curing
 C - a potion of invisibility
 D - a potion of brilliance
 E - 2 potions of cancellation
 H - 4 potions of might
 Z - 3 potions of resistance
Miscellaneous
 K - a sack of spiders
Comestibles
 c - 12 meat rations
 h - 3 chunks of flesh
 s - 31 fruits


   Skills:
 - Level 10.0 Fighting
 - Level 22.0 Maces & Flails
 - Level 9.2 Throwing
 - Level 14.3 Armour
 * Level 15.4 Dodging
 + Level 8.1 Evocations


You had 17 spell levels left.
You didn't know any spells.

Dungeon Overview and Level Annotations

Branches:
Dungeon (15/15)            Temple (1/1) D:7            Lair (8/8) D:9
 Shoals (4/5) Lair:4        Snake (4/5) Lair:5        Slime (0/6) Lair:8
    Orc (4/4) D:11            Elf (0/3) Orc:4        Vaults (0/5) D:14
 Depths (0/5) D:15

Altars:
Ashenzari
Cheibriados
Dithmenos
Elyvilon
Fedhas
Gozag
Kikubaaqudgha
Makhleb
Nemelex Xobeh
Okawaru
Qazlal
Ru
Sif Muna
Trog
Vehumet
Xom
Yredelemnul
Zin
The Shining One
Beogh
Jiyva

Shops:
D:7 *   D:8 (   D:12 (   Orc:4 ([*:

Portals:
Trove: D:12 (give 13 scrolls of teleportation)

Annotations:
D:5 exclusion: centaur
D:6 4 exclusions
D:12 runed door
Snake:4 !, Vashnia
Orc:4 runed door


Innate Abilities, Weirdness & Mutations

You are too large for most types of armour.
You have tough skin (AC +1).
Your skin changes colour to match your surroundings (Stealth).


Message History

The merfolk is moderately wounded.
You feel sick. The merfolk hits you with a trident!
* * * LOW HITPOINT WARNING * * *
The merfolk misses you.
The merfolk hits you but does no damage.
You bludgeon the merfolk!!
The merfolk is severely wounded.
You feel sick. The merfolk misses you.
The merfolk hits you but does no damage.
You sock the merfolk!
The merfolk is almost dead.
You feel sick. The merfolk barely misses you.
You completely miss the merfolk.
The merfolk is almost dead.
You feel sick. The merfolk hits you with a trident!
* * * LOW HITPOINT WARNING * * *
The merfolk hits you from afar with a spear!!
* * * LOW HITPOINT WARNING * * *
The merfolk hits you from afar with a trident!
You die...

≈≈≈≈≈≈≈≈≈≈≈ ≈≈ ≈≈≈≈≈≈≈≈≈≈≈≈≈
≈≈≈≈≈ ≈≈≈≈≈≈≈≈≈≈≈≈≈≈≈
≈≈≈≈≈≈≈≈≈≈≈≈≈≈≈≈≈≈≈≈≈≈≈
≈≈≈≈≈≈≈≈≈≈≈≈≈P≈≈≈P≈≈≈≈≈≈
≈≈≈≈≈≈≈≈≈≈≈≈≈≈≈PPPP≈≈≈≈≈
≈≈≈≈≈≈≈≈≈≈P≈≈≈mPPP≈≈≈≈≈≈
≈≈≈≈≈≈≈≈≈≈≈≈≈PmmPPP≈≈≈≈≈≈
≈≈≈≈≈≈≈≈≈≈≈≈..##@≈P≈≈≈≈≈≈
≈≈≈≈≈≈≈≈≈≈≈≈≈###.≈≈≈PP≈≈≈
≈≈≈≈≈≈≈≈≈≈≈≈)###.≈≈PPP≈≈≈≈
≈≈≈≈≈≈≈..≈≈≈(())≈≈≈PPP≈≈≈≈≈
≈≈≈≈≈≈≈...≈≈≈..≈≈≈≈P≈P≈≈≈≈≈#
≈≈≈......≈≈≈≈≈≈≈≈≈≈≈.P≈≈≈≈≈#
≈≈.###....≈≈≈≈≈≈≈≈≈...≈≈≈≈≈#
≈≈≈.##.##..≈≈≈≈≈≈≈≈≈...≈≈≈≈#
≈≈.≈≈..##..≈≈≈≈≈≈≈≈≈≈≈≈≈≈≈≈#


You could see 3 merfolk.

Vanquished Creatures
  Mara (Shoals:3)
  Asterion (Snake:1)
  Polyphemus (Shoals:2)
  Frances (Snake:3)
  A greater naga (Snake:3)
  A frost giant (IceCv)
  Ilsuiw (Shoals:3)
  Maud (Shoals:1)
  A stone giant (Orc:4)
  A deep elf annihilator (D:12)
  Snorg (Shoals:3)
  A crystal guardian (D:12)
  4 vault guards (D:14)
  3 ettins (Orc:4)
  8 merfolk impalers
  Josephine (Snake:1)
  10 hydras
  Fannar (D:14)
  7 naga warriors
  3 merfolk avatars
  6 anacondas
  2 alligator snapping turtles (Shoals:2)
  3 centaur warriors
  3 merfolk aquamancers
  An orc high priest (Orc:4)
  5 death yaks
  A satyr (Shoals:4)
  8 naga sharpshooters
  2 catoblepae
  5 shock serpents
  2 skeletal warriors (D:15)
  7 sea snakes
  2 unseen horrors
  Erolcha (D:8)
  3 salamander mystics
  4 naga ritualists
  A necromancer (D:15)
  A lindwurm (Lair:7)
  Pikel (D:9)
  6 harpies
  A flayed ghost (D:15)
  11 ugly things
  5 mana vipers
  4 hill giants
  An oklob plant (Orc:1)
  6 griffons
  A hornet (shapeshifter) (D:14)
  6 fauns
  3 water nymphs (Shoals:3)
  9 manticores
  A shining eye (Lair:8)
  9 salamanders
  19 elephants
  A stone giant skeleton (D:15)
  8 naga magi
  13 cyclopes
  3 centaur zombies
  3 toenail golems (Volcano)
  2 molten gargoyles (Volcano)
  A smoke demon (Volcano)
  13 sirens
  28 black mambas
  13 spiny frogs
  A kobold demonologist (D:13)
  Psyche (D:12)
  4 centaur skeletons
  3 komodo dragons (Lair:8)
  A guardian mummy (D:12)
  2 two-headed ogres (D:11)
  2 yaktaur skeletons (D:15)
  A spriggan druid (Lair:8)
  A red devil (Volcano)
  14 merfolk
  A tengu conjurer (D:12)
  5 trolls
  Sonja (Snake:1)
  7 fire drakes
  21 polar bears
  Grinder (D:5)
  8 slime creatures
  6 snapping turtles
  3 shadows
  16 blink frogs
  An ettin skeleton (D:15)
  8 redbacks (Lair:8)
  A guardian serpent skeleton (Snake:1)
  A black mamba zombie (Snake:1)
  61 yaks
  16 spriggans
  A trapdoor spider (D:11)
  A boulder beetle (Lair:7)
  10 water elementals
  3 basilisks
  3 wyverns
  A black mamba skeleton (Snake:1)
  3 deep elf magi
  A vampire (D:14)
  Grum (D:9)
  4 hungry ghosts
  15 hippogriffs
  40 wolves
  4 wargs
  35 water moccasins
  Edmund (D:6)
  19 nagas
  3 steam dragons
  10 orc warriors
  A soldier ant (D:8)
  An ice beast (D:6)
  8 porcupines
  4 sky beasts
  A slave (D:9)
  A naga zombie (Snake:1)
  10 centaurs
  6 black bears
  A phantom (D:4)
  An eye of draining (D:12)
  A necrophage (D:9)
  3 wasps (Lair:8)
  15 ogres
  7 big kobolds
  11 crocodiles
  A salamander simulacrum (Snake:1)
  3 boring beetles
  Blork the orc (D:4)
  22 giant frogs
  A wyvern skeleton (D:14)
  4 scorpions
  A water moccasin skeleton (Snake:1)
  8 killer bees
  4 electric eels
  13 wights
  A naga skeleton (Snake:1)
  A giant frog zombie (D:10)
  7 crimson imps
  21 orc priests
  3 goliath beetles
  A jelly (D:9)
  A lava snake (Volcano)
  21 hounds
  A quasit (D:10)
  9 worker ants
  27 orc wizards
  6 iguanas
  22 sheep
  2 centaur simulacra
  Jessica (D:2)
  A hound skeleton (D:10)
  2 mummies
  2 worker ant zombies
  30 adders
  5 shadow imps
  2 giant mites
  55 river rats
  12 white imps (Lair:4)
  4 worms
  2 adder skeletons (D:4)
  4 giant geckos
  2 oozes (Sewer)
  165 orcs
  A bat zombie (D:7)
  7 giant cockroaches
  25 goblins
  17 hobgoblins
  4 jackals
  43 kobolds
  20 quokkas
  5 ball pythons
  15 bats
  A giant cockroach zombie (D:6)
  A giant gecko skeleton (D:4)
  15 giant newts
  A giant spore (D:12)
  21 rats
  3 ballistomycetes (D:12)
  3 plants
1337 creatures vanquished.

Vanquished Creatures (collateral kills)
  A greater naga (Snake:3)
  Louise (Shoals:1)
  A stone giant (Orc:4)
  A merfolk avatar (Shoals:1)
  A cyclops (Orc:4)
  A vampire (D:14)
  A hippogriff (Shoals:1)
  2 nagas (Snake:1)
  A killer bee (D:10)
  A hobgoblin (D:10)
11 creatures vanquished.

Vanquished Creatures (others)
  9 drowned souls
  A polar bear (IceCv)
  2 slaves (D:9)
  An ogre (D:9)
  A jelly (D:9)
  A mummy (D:9)
  A hobgoblin (D:8)
  A bat (D:9)
  2 giant spores (D:9)
  6 fungi
  8 plants
33 creatures vanquished.

Grand Total: 1381 creatures vanquished

Notes
Turn   | Place    | Note
--------------------------------------------------------------
     0 | D:1      | Gorice, the Ogre Berserker, began the quest for the Orb.
     0 | D:1      | Reached XP level 1. HP: 24/24 MP: 1/1
   150 | D:1      | Reached skill level 2 in Dodging
   271 | D:1      | Reached XP level 2. HP: 30/32 MP: 2/2
   871 | D:2      | HP: 1/49 [quokka (5)]
   872 | D:2      | Reached XP level 3. HP: 1/40 MP: 3/3
  1313 | D:2      | Reached skill level 5 in Maces & Flails
  1540 | D:2      | Acquired Trog's second power
  1540 | D:2      | Reached XP level 4. HP: 49/49 MP: 4/4
  1803 | D:2      | Noticed Jessica
  1814 | D:2      | Killed Jessica
  2091 | D:3      | Found a glowing golden altar of the Shining One.
  2123 | D:3      | Reached skill level 5 in Fighting
  2123 | D:3      | Reached skill level 6 in Maces & Flails
  2123 | D:3      | Reached XP level 5. HP: 57/57 MP: 5/5
  2912 | D:4      | Reached skill level 3 in Dodging
  2912 | D:4      | Reached XP level 6. HP: 66/66 MP: 6/6
  2916 | D:4      | Noticed Blork the orc
  2936 | D:4      | Killed Blork the orc
  2936 | D:4      | Reached skill level 7 in Maces & Flails
  3028 | D:4      | Found a glowing drain.
  3082 | Sewer    | Entered a sewer
  3192 | Sewer    | Reached skill level 6 in Fighting
  3611 | Sewer    | Reached skill level 8 in Maces & Flails
  3611 | Sewer    | Reached XP level 7. HP: 50/75 MP: 7/7
  3789 | D:4      | Found a bloodstained altar of Trog.
  4263 | D:4      | Found a basalt altar of Yredelemnul.
  4284 | D:4      | Reached skill level 9 in Maces & Flails
  4284 | D:4      | Reached skill level 4 in Dodging
  4388 | D:4      | Found an ancient bone altar of Kikubaaqudgha.
  4388 | D:4      | Found a radiant altar of Vehumet.
  4389 | D:4      | Found an iron altar of Okawaru.
  4577 | D:5      | Entered Level 5 of the Dungeon
  4577 | D:5      | Noticed Grinder
  4780 | D:4      | Reached XP level 8. HP: 25/84 MP: 8/8
  4946 | D:5      | Acquired Trog's third power
  5133 | D:4      | Reached skill level 7 in Fighting
  5650 | D:5      | Killed Grinder
  5650 | D:5      | Reached skill level 10 in Maces & Flails
  5764 | D:5      | Found a deep blue altar of Sif Muna.
  5807 | D:5      | Noticed Prince Ribbit
  6095 | D:5      | Noticed Prince Ribbit
  6095 | D:5      | Prince Ribbit changed into Prince Ribbit the queen bee
  6096 | D:5      | Prince Ribbit the queen bee changed into Prince Ribbit the spriggan
  6103 | D:5      | Reached skill level 8 in Fighting
  6103 | D:5      | Reached skill level 5 in Dodging
  6358 | D:5      | Reached skill level 11 in Maces & Flails
  6510 | D:6      | Noticed Edmund
  6518 | D:6      | Killed Edmund
  6518 | D:6      | Reached XP level 9. HP: 97/97 MP: 9/9
  7209 | D:6      | Found a sacrificial altar of Ru.
  8932 | D:6      | Reached skill level 9 in Fighting
  9049 | D:6      | Identified a scroll of acquirement
  9065 | D:7      | Reached skill level 12 in Maces & Flails
  9170 | D:7      | Reached skill level 6 in Dodging
  9364 | D:7      | Found Psamneir's Serpentskin Sales.
  9633 | D:7      | Found a glowing silver altar of Zin.
  9781 | D:7      | Reached XP level 10. HP: 94/110 MP: 10/10
  9835 | D:7      | Found a staircase to the Ecumenical Temple.
  9893 | D:8      | Reached skill level 13 in Maces & Flails
 10347 | D:8      | Reached skill level 10 in Fighting
 10372 | D:8      | Found Ujeoneig's Antique Weapon Boutique.
 10690 | D:8      | Noticed Erolcha
 10736 | D:8      | Killed Erolcha
 10736 | D:8      | Reached skill level 14 in Maces & Flails
 10736 | D:8      | Reached skill level 7 in Dodging
 12301 | Temple   | Entered the Ecumenical Temple
 12472 | D:9      | Found a staircase to the Lair.
 12815 | D:9      | Reached skill level 15 in Maces & Flails
 13052 | D:9      | Identified the Disquisition on Unstable Attacks
 13074 | D:9      | Noticed Pikel
 13097 | D:9      | Killed Pikel
 13097 | D:9      | Reached skill level 8 in Dodging
 13097 | D:9      | Reached XP level 11. HP: 105/117 MP: 11/11
 13194 | D:9      | Noticed Grum
 13233 | D:9      | Killed Grum
 13575 | Lair:1   | Entered Level 1 of the Lair of Beasts
 13648 | Lair:1   | Received a gift from Trog
 13876 | Lair:1   | Reached skill level 16 in Maces & Flails
 14270 | D:10     | Entered Level 10 of the Dungeon
 14466 | D:10     | Noticed a hill giant
 14496 | D:10     | Killed a hill giant
 14949 | D:10     | Reached skill level 2 in Armour
 14966 | D:10     | Received a gift from Trog
 15364 | D:11     | Reached skill level 9 in Dodging
 15369 | D:11     | Noticed a hill giant
 15382 | D:11     | Killed a hill giant
 15540 | D:11     | Reached skill level 3 in Armour
 15561 | D:11     | Found a staircase to the Orcish Mines.
 15576 | D:11     | Noticed a hill giant
 15588 | D:11     | Killed a hill giant
 15588 | D:11     | Reached skill level 17 in Maces & Flails
 15757 | D:11     | Reached XP level 12. HP: 103/126 MP: 12/12
 15787 | D:11     | Received a gift from Trog
 15799 | D:11     | Killed an unseen horror
 15799 | D:11     | Reached skill level 4 in Armour
 16630 | Orc:1    | Entered Level 1 of the Orcish Mines
 16646 | D:11     | Reached skill level 10 in Dodging
 16740 | Orc:1    | Received a gift from Trog
 17081 | Orc:1    | Found a dark tunnel.
 17088 | Volcano  | Entered a volcano
 17149 | Volcano  | Found a radiant altar of Vehumet.
 17151 | Volcano  | Reached skill level 5 in Armour
 18136 | Lair:1   | Reached skill level 18 in Maces & Flails
 18362 | Lair:2   | Received a gift from Trog
 18362 | Lair:2   | Reached skill level 6 in Armour
 18588 | Lair:2   | Reached XP level 13. HP: 129/133 MP: 4/13
 18775 | Lair:2   | Reached skill level 11 in Dodging
 19656 | Lair:3   | Reached skill level 7 in Armour
 19737 | Lair:3   | Received a gift from Trog
 19739 | Lair:3   | Got an iridescent giant club {god gift}
 19740 | Lair:3   | Identified the +11 giant club of the Onslaught {crush, *Rage Dex+2} (Trog gifted it to you on level 3 of the Lair of Beasts)
 20586 | Lair:4   | Found a frozen archway.
 20618 | Lair:4   | Received a gift from Trog
 20649 | IceCv    | Entered an ice cave
 20677 | IceCv    | Reached skill level 19 in Maces & Flails
 21144 | IceCv    | Noticed a frost giant
 21162 | IceCv    | Reached skill level 8 in Armour
 21174 | IceCv    | Reached skill level 12 in Dodging
 21186 | IceCv    | Killed a frost giant
 21186 | IceCv    | Reached XP level 14. HP: 47/143 MP: 5/14
 21330 | IceCv    | Identified Sif Muna's Disquisition on Floating Protection
 21804 | Lair:3   | Received a gift from Trog
 21805 | Lair:3   | Got a dazzling giant spiked club {god gift}
 21806 | Lair:3   | Identified the +5 giant spiked club "Scheng" {venom, Int-2} (Trog gifted it to you on level 3 of the Lair of Beasts)
 21981 | Lair:4   | Found a staircase to the Shoals.
 22364 | Lair:5   | Found a staircase to the Snake Pit.
 23329 | Lair:6   | Gained mutation: Your skin changes colour to match your surroundings (Stealth). [potion of beneficial mutation]
 23405 | Lair:6   | Received a gift from Trog
 23427 | Lair:6   | Reached skill level 20 in Maces & Flails
 23811 | Lair:6   | Reached skill level 9 in Armour
 24367 | Lair:7   | Received a gift from Trog
 25105 | Lair:8   | Entered Level 8 of the Lair of Beasts
 25194 | Lair:8   | Got a fine bone ring
 25198 | Lair:8   | Identified the ring of Wuanaiwn {rN+ Stlth---} (You found it on level 8 of the Lair of Beasts)
 25424 | Lair:8   | Reached skill level 13 in Dodging
 25761 | Lair:8   | Received a gift from Trog
 25801 | Lair:8   | Found a staircase to the Slime Pits.
 25801 | Lair:8   | Found a viscous altar of Jiyva.
 25927 | Lair:8   | Reached XP level 15. HP: 149/149 MP: 5/15
 26249 | Lair:8   | Reached skill level 10 in Armour
 26890 | Lair:8   | Received a gift from Trog
 27858 | Orc:3    | Found a burning altar of Makhleb.
 28161 | Orc:3    | Received a gift from Trog
 28275 | Orc:2    | Found a shimmering altar of Xom.
 28279 | Orc:2    | Reached skill level 21 in Maces & Flails
 28458 | Orc:4    | Entered Level 4 of the Orcish Mines
 28523 | Orc:4    | Found a staircase to the Elven Halls.
 28737 | Orc:4    | Found Ygaaddun's Antique Armour Boutique.
 28949 | Orc:4    | Received a gift from Trog
 28986 | Orc:4    | Found Pryoschelau's Antique Weapon Boutique.
 29015 | Orc:4    | Found Weufaudu's General Store.
 29094 | Orc:4    | Bought a +1 hat of intelligence for 240 gold pieces
 29218 | Orc:4    | Found a runed door.
 29353 | Orc:4    | Found Klias' Book Boutique.
 29836 | Orc:4    | Found a roughly hewn altar of Beogh.
 30235 | D:12     | Found a large runed door.
 30235 | D:12     | Found a large runed door.
 30319 | D:12     | Found Biuwniot's Weapon Shoppe.
 30412 | D:12     | Got a dazzling hunting sling
 30643 | D:12     | Upgraded the game from 0.16-a0-3553-gf2c86d1 to 0.16-a0-3593-g1073268
 30841 | D:12     | Noticed Psyche
 30895 | D:12     | Killed Psyche
 30895 | D:12     | Reached skill level 14 in Dodging
 30932 | D:12     | Found a portal to a secret trove of treasure.
 31379 | D:12     | Found a glowing silver altar of Zin.
 31391 | D:12     | Found a bloodstained altar of Trog.
 31399 | D:12     | Reached skill level 11 in Armour
 31471 | D:12     | Identified the cursed -1 hunting sling of Sloth {flame, +Inv Stlth+} (You found it on level 12 of the Dungeon)
 31618 | D:13     | Found a shadowy altar of Dithmenos.
 31837 | D:13     | Received a gift from Trog
 32627 | D:14     | Reached XP level 16. HP: 50/158 MP: 5/16
 33212 | D:14     | Noticed Fannar
 33226 | D:14     | Killed Fannar
 33437 | D:14     | Found a gate to the Vaults.
 33816 | D:15     | Entered Level 15 of the Dungeon
 33976 | D:15     | Found a staircase to the Depths.
 34420 | D:15     | Reached skill level 22 in Maces & Flails
 34650 | D:15     | Reached skill level 1 in Evocations
 35238 | Orc:4    | Bought the ring "Unki" {rPois rC- Dex+4} for 468 gold pieces
 35449 | Snake:1  | Entered Level 1 of the Snake Pit
 35613 | Snake:1  | Noticed Josephine
 35633 | Snake:1  | Noticed Sonja
 35688 | Snake:1  | Killed Sonja
 35688 | Snake:1  | Received a gift from Trog
 35746 | Snake:1  | Reached skill level 2 in Evocations
 36001 | Snake:1  | Killed Josephine
 36001 | Snake:1  | Reached skill level 1 in Throwing
 36299 | Snake:1  | Reached skill level 12 in Armour
 36314 | Snake:1  | Noticed Asterion
 36327 | Snake:1  | Killed Asterion
 36327 | Snake:1  | Reached skill level 2 in Throwing
 36393 | Snake:1  | Reached skill level 15 in Dodging
 36593 | Snake:1  | Reached skill level 3 in Throwing
 37427 | Snake:2  | Found an ancient bone altar of Kikubaaqudgha.
 37451 | Snake:2  | Received a gift from Trog
 37473 | Snake:2  | Reached skill level 4 in Throwing
 38032 | Snake:2  | Reached skill level 5 in Throwing
 38074 | Snake:3  | Reached XP level 17. HP: 154/166 MP: 7/21
 38123 | Snake:3  | Received a gift from Trog
 38319 | Snake:3  | Received a gift from Trog
 38324 | Snake:3  | Reached skill level 6 in Throwing
 38633 | Snake:3  | Noticed Frances
 38738 | Snake:3  | Killed Frances
 38738 | Snake:3  | Reached skill level 7 in Throwing
 39296 | Lair:5   | Received a gift from Trog
 39296 | Lair:5   | Reached skill level 13 in Armour
 40422 | Snake:4  | Reached skill level 3 in Evocations
 40426 | Snake:4  | Reached skill level 8 in Throwing
 40795 | Snake:4  | Noticed Vashnia
 41238 | Shoals:1 | Entered Level 1 of the Shoals
 41271 | Shoals:1 | Noticed Louise
 41294 | Shoals:1 | Killed Louise
 41346 | Shoals:1 | Reached skill level 4 in Evocations
 41696 | Shoals:1 | You fall through a shaft!
 41890 | Shoals:1 | Noticed Maud
 41903 | Shoals:1 | Received a gift from Trog
 41929 | Shoals:1 | Killed Maud
 42066 | Shoals:1 | Reached skill level 9 in Throwing
 42095 | Shoals:1 | HP: 3/166 [sea snake (10)]
 42615 | Shoals:2 | Reached skill level 5 in Evocations
 42616 | Shoals:2 | Noticed Polyphemus
 43247 | Shoals:2 | Reached XP level 18. HP: 174/174 MP: 8/26
 43783 | Shoals:2 | Reached skill level 6 in Evocations
 43913 | Shoals:2 | Killed Polyphemus
 44220 | Shoals:3 | Noticed Snorg
 44229 | Shoals:3 | Killed Snorg
 44350 | Shoals:3 | Noticed Ilsuiw
 44367 | Shoals:3 | Reached skill level 14 in Armour
 44410 | Shoals:3 | Killed Ilsuiw
 44410 | Shoals:3 | Received a gift from Trog
 44579 | Shoals:3 | Reached skill level 7 in Evocations
 44772 | Shoals:3 | Received a gift from Trog
 44947 | Shoals:3 | Noticed Mara
 45002 | Shoals:3 | Killed Mara
 45293 | Lair:4   | Upgraded the game from 0.16-a0-3593-g1073268 to 0.16-a0-3602-g9bd3662
 46042 | Shoals:4 | Reached skill level 8 in Evocations
 46768 | Shoals:4 | Received a gift from Trog
 46891 | Shoals:4 | Slain by a merfolk

Action                   |  1- 3 |  4- 6 |  7- 9 | 10-12 | 13-15 | 16-18 || total
-------------------------+-------+-------+-------+-------+-------+-------++-------
Melee: Mace              |    81 |   159 |   210 |       |       |       ||   450
       Whip              |       |    11 |     1 |       |       |       ||    12
       Flail             |       |       |     9 |       |       |       ||     9
       Giant club        |       |       |    11 |   355 |   336 |       ||   702
       Dire flail        |       |       |   127 |    72 |       |       ||   199
       Giant spiked club |       |       |       |   258 |  1056 |  1065 ||  2379
 Fire: Blowgun           |       |     1 |    42 |   119 |    11 |     2 ||   175
Throw: Stone             |    70 |   101 |    91 |    15 |       |       ||   277
       Large rock        |     4 |    13 |    20 |    18 |    63 |   205 ||   323
       Tomahawk          |       |    10 |    11 |       |    38 |       ||    59
       Javelin           |       |       |       |     5 |     4 |       ||     9
Invok: Berserk           |     4 |     3 |     5 |     2 |       |     6 ||    20
       Trog's Hand       |       |     1 |     4 |     1 |       |       ||     6
       Burn Spellbooks   |       |       |       |     1 |       |     1 ||     2
       Brothers in Arms  |       |       |       |     1 |     3 |     4 ||     8
 Abil: Evoke Flight      |       |       |       |     1 |       |    19 ||    20
Evoke: Wand              |       |       |     4 |     7 |     1 |     2 ||    14
  Use: Scroll            |     6 |     5 |    11 |     9 |     9 |    12 ||    52
       Potion            |       |     1 |     4 |     2 |     1 |    11 ||    19
 Stab: Distracted        |       |       |       |     2 |     2 |     2 ||     6
       Sleeping          |       |       |       |     2 |    12 |     5 ||    19
       Fleeing           |       |       |       |       |     1 |       ||     1
       Petrified         |       |       |       |       |       |     1 ||     1
  Eat: Chunk             |     5 |     9 |    16 |    31 |    53 |    41 ||   155
       Pizza             |       |     1 |       |       |     2 |     1 ||     4
       Beef jerky        |       |       |     3 |     1 |       |     1 ||     5
       Fruit             |       |       |     2 |     1 |       |     2 ||     5
       Bread ration      |       |       |     1 |       |       |     1 ||     2
       Meat ration       |       |       |       |       |       |     3 ||     3

Table legend:
 A = Turns spent in this place as a percentage of turns spent in the entire game.
 B = Non-inter-level travel turns spent in this place as a percentage of non-inter-level travel turns spent in the entire game.
 C = Inter-level travel turns spent in this place as a percentage of turns spent in this place.
 D = Turns resting spent in this place as a percentage of non-inter-level travel turns spent in this place.
 E = Turns spent auto-exploring this place as a percentage of non-inter-level travel turns spent in this place.
 F = Non-inter-level travel turns spent in this place divided by the number of levels of this place that you've seen.
                   A       B       C       D       E      F
               +-------+-------+-------+-------+-------+----------------------
         Total | 100.0 | 100.0 |   0.5 |   2.3 |   2.7 | 555.7
       Dungeon |  39.6 |  39.6 |   0.5 |   2.3 |   3.2 | 572.5
        Temple |   0.3 |   0.3 |   0.0 |   0.0 |   0.0 |  57.0
          Lair |  22.1 |  22.1 |   0.7 |   1.5 |   3.5 | 597.5
        Shoals |  15.2 |  15.2 |   0.2 |   3.0 |   0.0 | 824.5
     Snake Pit |   9.8 |   9.8 |   0.6 |   3.2 |   4.2 | 529.5
  Orcish Mines |   7.9 |   7.9 |   0.6 |   2.2 |   2.9 | 427.2
         Sewer |   2.0 |   2.0 |   0.0 |   1.6 |   0.5 | 425.0
      Ice Cave |   2.4 |   2.4 |   0.0 |   2.9 |   1.3 | 523.0
       Volcano |   0.8 |   0.8 |   0.0 |   1.1 |   0.0 | 176.0
               +-------+-------+-------+-------+-------+----------------------

Vault maps used:
D:1:      dpeg_arrival_round_c, minmay_misc_feat_nine_boxes
D:2:      lightli_corner_chamber, uniq_jessica
D:3:      lemuel_tele_altar
D:4:      overflow_temple_1_default, gammafunk_temple_overflow_forgotten,
          lemuel_coloured_pillars_altar, first_bread, portal_sewer_entry_c,
          grunt_decor_arrowhead, uniq_blork_the_orc
D:5:      lemuel_blue_sif_altar, uniq_grinder, uniq_prince_ribbit1,
          uniq_menkaure
D:6:      nicolae_whirlpool, nicolae_ru_the_path_less_chosen, uniq_edmund
D:7:      minmay_temple_entry_from_below_b, basic_altar, guppyfry_shop_venom
D:8:      minmay_ornate_pinched, serial_shops, shop_fountains,
          hangedman_pestilent_swarm, uniq_erolcha
D:9:      minmay_lair_entry_lava, spider_trap, uniq_pikel, uniq_grum
D:11:     hiddenorc1_lemuel, serial_bayou_lagoon_a, st_stairs_3
D:12:     nicolae_trove_entry_path_of_doom, serial_shops, shop, st_stairs_5,
          minivault_1, jmf_multi_god_temple2, uniq_psyche
D:13:     lemuel_statue_altar
D:14:     lightli_vaults_fourway_checkpoint, uniq_fannar
D:15:     gammafunk_depths_entry_grave, serial_column_ruins,
          column_ruins_hut_ruined, column_ruins_square_medium,
          column_ruins_grid_1, column_ruins_open_small, column_ruins_grid_1,
          column_ruins_grid_3, column_ruins_grid_4,
          hangedman_abyss_or_decor_passed
Temple:   triangle_lava_temple_12
Lair:2:   serial_bayou_lake_a, lemuel_fruit_fields
Lair:3:   beast_lair_carwin_large_2, serial_bayou_shore_b,
          infiniplex_staircase_pool
Lair:4:   minmay_shoals_entry_lonely_mermaid, portal_ice_cave_entry_imps,
          lemuel_fruit_tree, grunt_megastairs_3, serial_bayou_shore_a
Lair:5:   minmay_snake_entry_spellcaster, serial_bayou_pond_a,
          small_statue_intersection, grunt_forest_stairs_clearing
Lair:6:   nicolae_quartered_pool_little, serial_bayou_shore_b
Lair:7:   patterned_corridor
Lair:8:   minmay_lair_end_enchanted_forest, slime_altar_1,
          minmay_lair_drake_nest
Shoals:1: uniq_maud, uniq_louise
Shoals:2: uniq_polyphemus
Shoals:3: uniq_ilsuiw, uniq_snorg, uniq_mara
Snake:1:  uniq_sonja, uniq_asterion, uniq_josephine
Snake:2:  basic_altar, spider_trap
Snake:3:  uniq_frances
Snake:4:  uniq_vashnia
Orc:1:    lightli_volcano_entry_magma_tube, mines3_lemuel
Orc:2:    basic_altar
Orc:3:    nicolae_orc_pool_cavern, bloody_makhleb
Orc:4:    grunt_orc_gardens, grunt_orc_garden, grunt_orc_garden,
          grunt_orc_garden, grunt_orc_garden, lightli_church_of_beogh
Sewer:    sewer_co_15_rooms
IceCv:    ice_cave_caverns_03
Volcano:  volcano_lake
